Map: Lerilak Crest

Players

AgCl

  • Race: Protoss Protoss

Critz - Winner!

  • Race: Zerg Zerg

VOD

Have the link to the VOD?

Description

Time

  • Played on: May 1, 2015, 6:39 p.m.
  • Length: 2:49
Show
View Real Time Build Order
Export as new Build Order

AgCl Protoss 

Build Orders:  

Get SALT Encoding   

  12  0:13  Probe  
  13  0:25  Probe  
  14  0:41  Pylon  
  14  0:42  Assimilator  
  14  0:59  Probe  
  15  1:09  Pylon  
  15  1:15  Probe (Chrono Boost)  
  16  1:24  Probe (Chrono Boost)  
  17  1:25  Pylon  
  17  1:29  Gateway  
  17  1:32  Probe  
  17  1:47  Probe (Chrono Boost)  
  17  1:48  Forge  
  18  2:00  Probe (Chrono Boost)  
  19  2:05  Assimilator  
  19  2:06  Probe (Chrono Boost)  
  20  2:15  Gateway  
  20  2:16  Zealot (Chrono Boost)  
  20  2:17  Probe  
  20  2:22  Photon Cannon  
Show
View Real Time Build Order
Export as new Build Order

Critz Zerg - Winner!

Build Orders: Hatch First 

Get SALT Encoding   

  12  0:01  Drone  
  13  0:14  Drone  
  14  0:35  Hatchery  
  13  0:42  Overlord  
  13  0:46  Drone  
  14  1:01  Drone x2  
  16  1:04  Drone  
  17  1:13  Spawning Pool  
  17  1:17  Drone  
  17  1:25  Overlord  
  17  1:38  Drone  
  18  1:57  Drone x2  
  18  1:59  Queen  
  18  2:00  Queen  
  24  2:06  Spine Crawler  
  23  2:08  Zergling x2  
  23  2:10  Zergling x2  
  23  2:13  Drone  
  26  2:22  Spine Crawler  
  25  2:23  Zergling x2  
  25  2:25  Zergling x2  
  27  2:34  Drone x2  
Tags
 
Add a new tag
Caveats
  • Supply blocks, unpowered buildings, or Contaminate may cause inaccurate times.
  • Supply counts are checked every 10 seconds.